 Dungeon Crawl Stone Soup version 0.31-a0-446-g07c4bd200f (webtiles) character file.

Game seed: 11439283847609590639

2539 Ethylacetat the Martial Artist (level 9, 0/48 HPs)
             Began as a Vine Stalker Monk on Aug 3, 2023.
             Was an Elder of Nemelex Xobeh.
             Slain by a centaur
             ... wielding a +0 glaive
              (1 damage)
             ... in a bailey.
             The game lasted 00:13:00 (4503 turns).

Ethylacetat the Martial Artist (Vine Stalker Monk)  Turns: 4503, Time: 00:13:00

Health: 0/48       AC:  5    Str: 13    XL:     9   Next: 55%
Magic:  0/19       EV: 13    Int: 16    God:    Nemelex Xobeh [****..]
Gold:   1366       SH:  0    Dex: 22    Spells: 20/20 levels left

rFire   . .          .
                       - Unarmed
rCold   . . .        c - orb {light}
rNeg    . . .        s - +2 leather armour {Will+}
rPois   .            (helmet currently unavailable)
rElec   .            (cloak currently unavailable)
rCorr   .            (gloves currently unavailable)
SInv    .            (boots currently unavailable)
Will    ++...        (no amulet)
Stlth   +            g - +6 ring of intelligence
HPRegen 1.08/turn    (no ring)
MPRegen 0.16/turn

%: guardian spirit
@: confused, lethally poisoned (0 -> -1), beast-form, glowing
A: beast (slay +5), fangs 3, regeneration 1, magic shield, antimagic bite, no
potion heal 2
a: Begin Untransformation, Renounce Religion, Draw Escape, Draw Destruction,
Draw Summoning, Triple Draw, Deal Four


You were in a bailey.
You worshipped Nemelex Xobeh.
Nemelex Xobeh was greatly pleased with you.
You were a hulking beast.
You visited 2 branches of the dungeon, and saw 8 of its levels.
You also visited: Bailey.

You collected 1366 gold pieces.

Inventory:

Missiles
 y - 2 throwing nets
 A - 2 poisoned darts
Armour
 c - an orb of light (worn)
 n - a +0 scale mail
 s - a +2 leather armour of willpower (worn)
 u - a +1 cloak
 D - a +0 buckler
Jewellery
 g - a +6 ring of intelligence (left hand)
Talismans
 e - a beast talisman (active)
Wands
 q - a wand of paralysis (4)
 r - a wand of flame (36)
 z - a wand of iceblast (6)
Scrolls
 d - a scroll of enchant armour
 f - a scroll of enchant weapon
 i - a scroll of blinking
 j - 3 scrolls of immolation
 m - a scroll of vulnerability
 p - a scroll of brand weapon
 v - a scroll of fog
 B - a scroll of butterflies
Potions
 b - a potion of ambrosia
 k - 2 potions of magic {unknown}
 o - a potion of haste {unknown}
 t - 3 potions of berserk rage {unknown}
 w - 3 potions of enlightenment {unknown}
 x - 2 potions of attraction {unknown}
 C - 2 potions of might {unknown}


   Skills:
 + Level 6.2 Fighting
 - Level 2.4 Dodging
 * Level 8.2 Unarmed Combat
 + Level 6.0 Spellcasting
 * Level 7.3 Shapeshifting


You had 20 spell levels left.
You didn't know any spells.
Your spell library contained the following spells:

 Spells                   Type           Power      Damage    Failure   Level
 Freeze                   Ice            16%        1d4       17%         1
 Sandblast                Erth           8%         2d5       17%         1
 Shock                    Conj/Air       16%        1d4       17%         1
 Blink                    Tloc           8%         N/A       26%         2
 Cigotuvi's Dreadful Rot  Necr/Pois/Air  8%         N/A       26%         2
 Passwall                 Tmut/Erth      3%         N/A       26%         2
 Frozen Ramparts          Ice            8%         1d2       45%         3
 Hailstorm                Conj/Ice       4%         3d4       45%         3
 Ignite Poison            Fire/Tmut/Pois 4%         N/A       45%         3
 Stone Arrow              Conj/Erth      8%         3d7       45%         3
 Swiftness                Air            4%         N/A       45%         3
 Volatile Blastmotes      Fire/Tloc      8%         2d10      45%         3
 Airstrike                Air            2%         2d(1-17)  86%         4
 Fulminant Prism          Conj/Hex       2%         3d5       86%         4
 Iskenderun's Mystic Bla  Conj/Tloc      4%         2d3       86%         4
 Manifold Assault         Tloc           4%         N/A       86%         4
 Freezing Cloud           Conj/Ice/Air   2%         6-21      99%         5


Dungeon Overview and Level Annotations

Branches:
Dungeon (7/15)             Temple (1/1) D:5          Bailey (1/1)

Altars:
Ashenzari
Cheibriados
Dithmenos
Elyvilon
Fedhas
Gozag
Hepliaklqana
Kikubaaqudgha
Makhleb
Nemelex Xobeh
Okawaru
Qazlal
Ru
Sif Muna
Trog
Uskayaw
Vehumet
Wu Jian
Xom
Yredelemnul
Zin
The Shining One

Shops:
D:6 (


Innate Abilities, Weirdness & Mutations

You are a hulking beast.
Your limbs bulge with bestial killing power. (Slay +5)
You have razor-sharp teeth.
Your natural rate of healing is unusually fast.
When hurt, damage is shared between your health and your magic reserves.
Your bite disrupts and absorbs the magic of your enemies.
Potions cannot restore your health.


Message History

The centaur hits the hobgoblin with a +0 glaive.
The centaur kicks the hobgoblin.
The swamp drake bites you!
* * * LOW HITPOINT WARNING * * *
The centaur hits the hobgoblin with a +0 glaive!
The hobgoblin dies!
The orc returns to its original shape as it dies.
You hit the swamp drake. You bite the swamp drake. You drain its power.
You feel invigorated.
The swamp drake is heavily wounded.
You are engulfed in noxious fumes.
You choke on the stench!
You are confused.
You feel sick.
You are no longer poisoned.
The swamp drake misses you.
Okay, then.
You bump into the stone wall.
The centaur completely misses the swamp drake.
The centaur barely misses the swamp drake.
The swamp drake bites you.
* * * LOW HITPOINT WARNING * * *
You bump into the stone wall.
You feel less confused. The centaur hits you with a +0 glaive!
* * * LOW HITPOINT WARNING * * *
The centaur kicks you.
The centaur hits itself with a +0 glaive.
The centaur barely misses itself.
The swamp drake breathes poison at you.
The noxious blast engulfs you but does no damage.
You are poisoned.
You fail to use your ability.
You are engulfed in noxious fumes.
You choke on the stench!
You are confused.
You feel sick. The swamp drake misses you.
The centaur is engulfed in noxious fumes.
The centaur appears confused.
The centaur hits you with a +0 glaive!
* * * LOW HITPOINT WARNING * * *
The centaur kicks you.
You die...
Your body glows slightly brighter and disappears.

############ ######
##.∩....))..## #.....#
#......#.))..######.....
#.....###))..#○○hc#[.##...
#∩.....8.)...'○○○k)))8....
#.....###....#...)#..##...
#......#.....######.....
##.∩........## #.....#
############ ######


You could see a swamp drake (catching breath, misshapen) and a centaur
(confused, misshapen).

Vanquished Creatures
  A steam dragon (D:7)
  Menkaure (D:4)
  2 orc warriors
  2 black bears
  A swamp drake (Bailey)
  2 ogres (D:6)
  A centaur (D:6)
  2 phantoms (D:6)
  Blork the orc (D:6)
  A bullfrog (D:6)
  A scorpion (D:6)
  3 wights (D:7)
  A howler monkey (D:4)
  2 hounds
  A jelly (D:7)
  Crazy Yiuf (D:4)
  Natasha (thrice) (D:4)
  Ijyb (D:4)
  2 iguanas
  11 orc wizards
  Robin (D:4)
  13 gnolls
  9 adders
  7 river rats (D:6)
  2 shadow imps
  A white imp (D:6)
  An ufetubus (D:5)
  2 dart slugs
  22 orcs
  4 ball pythons
  4 bats
  6 endoplasms
  4 giant cockroaches
  15 goblins
  6 hobgoblins
  8 jackals
  10 kobolds
  10 quokkas
  3 training dummies (D:6)
  8 frilled lizards
  32 rats
208 creatures vanquished.

Vanquished Creatures (others)
  A hobgoblin (Bailey)
  A kobold (Bailey)
2 creatures vanquished.

Grand Total: 210 creatures vanquished

Notes
Turn   | Place    | Note
-------+----------+-------------------------------------------
     0 | D:1      | Ethylacetat the Vine Stalker Monk began the quest for the
                  | Orb.
     0 | D:1      | Reached XP level 1. HP: 11/11 MP: 2/2
   135 | D:1      | Reached XP level 2. HP: 16/16 MP: 3/3
   316 | D:1      | Reached XP level 3. HP: 18/19 MP: 5/5
   550 | D:2      | Found a sparkling altar of Nemelex Xobeh.
   671 | D:2      | Reached skill level 1 in Shapeshifting
   677 | D:2      | Reached skill level 5 in Fighting
   677 | D:2      | Reached skill level 5 in Unarmed Combat
   677 | D:2      | Reached skill level 5 in Shapeshifting
   677 | D:2      | Gained mutation: Your natural rate of healing is unusually
                  | fast. [Vine Stalker growth]
   677 | D:2      | Reached XP level 4. HP: 12/27 MP: 5/11
  1015 | D:2      | Reached skill level 6 in Unarmed Combat
  1015 | D:2      | Reached XP level 5. HP: 30/30 MP: 13/13
  1470 | D:3      | Reached XP level 6. HP: 35/35 MP: 14/14
  1680 | D:3      | Found a faded altar of an unknown god.
  1691 | D:3      | Prayed at the altar of an unknown god.
  1691 | D:3      | Became a worshipper of Nemelex Xobeh the Trickster
  1691 | D:3      | Reached * piety under Nemelex Xobeh
  1691 | D:3      | Received a gift from Nemelex Xobeh
  1691 | D:3      | Received a gift from Nemelex Xobeh
  1691 | D:3      | Reached ** piety under Nemelex Xobeh
  1691 | D:3      | Received a gift from Nemelex Xobeh
  1789 | D:4      | Noticed Natasha
  1793 | D:4      | Killed Natasha
  1804 | D:4      | Noticed Menkaure
  1814 | D:4      | Noticed Ijyb
  1815 | D:4      | Killed Menkaure
  1825 | D:4      | Killed Ijyb
  1826 | D:4      | Reached XP level 7. HP: 24/39 MP: 7/15
  1827 | D:4      | Noticed Natasha
  1834 | D:4      | Killed Natasha
  1871 | D:4      | Noticed Robin
  1877 | D:4      | Killed Robin
  1953 | D:4      | Found a sparkling altar of Nemelex Xobeh.
  1989 | D:4      | Reached skill level 5 in Spellcasting
  2095 | D:4      | Reached *** piety under Nemelex Xobeh
  2162 | D:4      | Found a runed translucent door.
  2163 | D:4      | Noticed Crazy Yiuf
  2168 | D:4      | Killed Crazy Yiuf
  2276 | D:4      | Noticed Natasha
  2281 | D:4      | Killed Natasha
  2476 | D:5      | Entered Level 5 of the Dungeon
  2476 | D:5      | Found a broken altar of Ashenzari.
  2476 | D:5      | Found a white marble altar of Elyvilon.
  2622 | D:5      | Gained mutation: You have razor-sharp teeth. [Vine Stalker
                  | growth]
  2622 | D:5      | Reached XP level 8. HP: 44/44 MP: 16/16
  2634 | D:5      | Received a gift from Nemelex Xobeh
  2644 | D:5      | Found a staircase to the Ecumenical Temple.
  2681 | Temple   | Entered the Ecumenical Temple
  3044 | D:5      | Found a burning altar of Makhleb.
  3074 | D:6      | Found Tuitaac's Firing Range.
  3091 | D:6      | Reached skill level 7 in Unarmed Combat
  3230 | D:6      | Found a stormy altar of Qazlal.
  3407 | D:6      | Noticed Blork the orc
  3429 | D:6      | Killed Blork the orc
  3760 | D:6      | Received a gift from Nemelex Xobeh
  3983 | D:6      | Reached XP level 9. HP: 36/48 MP: 14/18
  4084 | D:6      | Reached **** piety under Nemelex Xobeh
  4271 | D:7      | Identified a scroll of acquirement
  4271 | D:7      | Acquired 942 gold pieces
  4315 | D:7      | Reached skill level 8 in Unarmed Combat
  4361 | D:7      | Found a flagged portal.
  4388 | Bailey   | Entered a bailey
  4503 | Bailey   | HP: 1/48 [centaur/+0 glaive (4)]
  4503 | Bailey   | Slain by a centaur

Illustrated notes

Levels and vault maps discovered:
D:1:      psy_arrival_terrarium, layout_basic, minmay_misc_feat_iff,
          minmay_misc_feat_room
D:2:      minmay_angry_zag, layout_loops_ring, basic_altar, minmay_tetromino_i2
D:3:      layout_basic, shapermc_ecumenical_altar_starsandcircs
D:4:      layout_basic, nemelex_dance_club_becter,
          minmay_a_box_with_orc_wizards_in_it, uniq_crazy_yiuf_cottage,
          uniq_natasha, uniq_ijyb, uniq_robin, uniq_menkaure
D:5:      layout_loops_cross, nicolae_overflow_squiral,
          overflow_temple_1_default, minmay_temple_entry_statues_fountains
D:6:      lemuel_ratsnest, layout_basic, grunt_qazlal_clouds,
          nicolae_shop_firing_range, uniq_blork_the_orc
D:7:      layout_cave_pools, serial_shops, nicolae_shop_tiny_real_fake_doors,
          enter_bailey_5
Temple:   bh_familiar_temple
Bailey:   bailey_polearm_5, bailey

Skill      XL: |  1  2  3  4  5  6  7  8  9 |
---------------+----------------------------+-----
Fighting       | 5 6 |  6.2
Shapeshifting  | 5 6 7 |  7.3
Unarmed Combat | 5 6 7 8 |  8.2
Spellcasting   | 4 5 6 |  6.0
Dodging        | |  2.4

Action                     |  1- 3 |  4- 6 |  7- 9 || total
---------------------------+-------+-------+-------++-------
  Melee: Unarmed           |    53 |    85 |   263 ||   401
         Bite              |     9 |    20 |    84 ||   113
 Invoke: Draw Destruction  |       |       |     2 ||     2
    Use: Potion            |     1 |       |       ||     1
         Scroll            |       |       |    10 ||    10
   Stab: Distracted        |       |       |     1 ||     1
 Armour: Robe              |     9 |     3 |       ||    12
         Scale mail        |       |    10 |    29 ||    39
         Leather armour    |       |       |    47 ||    47
  Dodge: Dodged            |    36 |    42 |   148 ||   226
   Form: Beast             |     1 |       |       ||     1

Table legend: (Time is in decaauts)
 A = Elapsed time spent in this place.
 B = Non-inter-level travel time spent in this place.
 C = Inter-level travel time spent in this place.
 D = Time resting spent in this place.
 E = Time spent auto-exploring this place.
 F = Levels seen in this place.
 G = Mean time per level.
                   A        B        C        D        E       F      G
               +--------+--------+--------+--------+--------+-----+--------+
         Total |   4454 |   4316 |    138 |    100 |   3249 |   9 |  494.9 |
       Dungeon |   4339 |   4201 |    138 |    100 |   3180 |   7 |  619.9 |
        Temple |      1 |      1 |      0 |      0 |      0 |   1 |    1.0 |
        Bailey |    112 |    112 |      0 |      0 |     69 |   1 |  112.0 |
               +--------+--------+--------+--------+--------+-----+--------+

Top non-repeatable levels by time:
     D:6: 1179 daAuts
     D:4: 676 daAuts
     D:2: 635 daAuts
     D:3: 603 daAuts
     D:5: 582 daAuts
     D:1: 540 daAuts
     D:7: 122 daAuts
  Bailey: 112 daAuts
  Temple: 1 daAuts
